 Dungeon Crawl Stone Soup version 0.18-a0-1120-g03bd624 (webtiles) character file.

297 gorblad the Cutter (level 6, -2/38 HPs)
             Began as a Kobold Fighter on Jan 17, 2016.
             Killed by nerve-wracking pain
             ... invoked by an orc priest
              (14 damage)
             ... on level 3 of the Dungeon.
             The game lasted 00:04:04 (2200 turns).

gorblad the Cutter (Kobold Fighter)                 Turns: 2200, Time: 00:04:05

Health: -2/38      AC:  6    Str: 17    XL:     6   Next: 62%
Magic:  6/6        EV: 10    Int:  6    God:
Gold:   73         SH:  9    Dex: 15    Spells: 0 memorised, 5 levels left

rFire  . . .     SeeInvis .     a - +0 rapier
rCold  . . .     Gourm    .     k - +0 scale mail (curse)
rNeg   . . .     Faith    .     c - +0 shield
rPois  .         Spirit   .     (no helmet)
rElec  .         Dismiss  .     (no cloak)
rCorr  .         Reflect  .     (no gloves)
SustAt +         Harm     .     (no boots)
MR     .....                    (no amulet)
Stlth  ..........               (no ring)
                                e - ring of sustain attributes

@: drained, not resistant to hostile enchantments, extremely unstealthy
A: carnivore 3
a: no special abilities


You were on level 3 of the Dungeon.
You were completely stuffed.

You visited 1 branch of the dungeon, and saw 3 of its levels.

You collected 73 gold pieces.

Inventory:

Hand Weapons
 a - a +0 rapier (weapon)
Armour
 b - a +0 scale mail
 c - a +0 shield (worn)
 k - a cursed +0 scale mail (worn)
Jewellery
 e - a ring of sustain attributes (left hand)
Scrolls
 m - a scroll of teleportation
Potions
 g - a potion of resistance
 i - a potion of agility
 n - a potion of lignification {unknown}
 o - a potion of brilliance {unknown}
Comestibles
 d - 2 chunks of flesh
 f - 2 meat rations
 h - a royal jelly
 j - a beef jerky
 l - a slice of pizza


   Skills:
 + Level 4.1(3.5) Fighting
 + Level 4.5(3.8) Short Blades
 + Level 3.8(3.1) Armour
 + Level 2.4(1.8) Dodging
 + Level 3.3(2.7) Shields


You had 5 spell levels left.
You didn't know any spells.

Dungeon Overview and Level Annotations

Branches:
Dungeon (3/15)

Altars:


Innate Abilities, Weirdness & Mutations

You are small and have problems with some larger weapons.
You are carnivorous and can eat meat at any time.


Message History

The orc priest casts a cantrip, but nothing happens.
You see here a giant newt corpse.
You hit the orc priest.
The orc priest is lightly wounded.
You block the orc priest's attack.
You barely miss the orc priest.
The orc priest is lightly wounded.
The orc priest casts a cantrip, but nothing happens.
You block the orc priest's attack.
You closely miss the orc priest.
The orc priest is lightly wounded.
You hit the orc priest.
The orc priest is moderately wounded.
The orc priest mumbles some strange prayers to Beogh against you.
Pain shoots through your body!
You hit the orc priest.
The orc priest is heavily wounded.
The orc priest invokes the aid of Beogh against you.
Pain shoots through your body!
You die...

+.... #...## ####.....
##....?..## ..........
.........# #...#
.........# .....
.......@)# .....
)..###o#.##### #....
...###'#.....####..>###
#......###....##.#.#<#
#......# #....##.#.#.##
#......# #....##.#.#...
#......# #....##......#
#......# #............+
#......# #....###.....#


You could see an orc priest.

Vanquished Creatures
  Sigmund (D:2)
  An orc priest (D:3)
  4 adders (D:2)
  2 worms
  A giant gecko (D:1)
  An orc (D:3)
  A ball python (D:2)
  9 bats
  2 giant cockroaches
  10 goblins
  10 hobgoblins
  3 jackals (D:2)
  A quokka (D:2)
  3 giant newts
  5 kobolds
  9 rats
63 creatures vanquished.

Notes
Turn   | Place    | Note
--------------------------------------------------------------
     0 | D:1      | gorblad the Kobold Fighter began the quest for the Orb.
     0 | D:1      | Reached XP level 1. HP: 14/14 MP: 1/1
   208 | D:1      | Reached XP level 2. HP: 14/19 MP: 2/2
   723 | D:1      | Reached XP level 3. HP: 19/23 MP: 3/3
   979 | D:2      | Noticed Sigmund
  1014 | D:2      | Killed Sigmund
  1014 | D:2      | Reached XP level 4. HP: 3/29 MP: 4/4
  1014 | D:2      | Reached XP level 5. HP: 3/33 MP: 5/5
  1014 | D:2      | Reached XP level 6. HP: 3/38 MP: 6/6
  1578 | D:2      | Reached skill level 4 in Short Blades
  2200 | D:3      | Killed from afar by an orc priest

Vault maps used:
D:1:      mrwooster_arrival_arrow, st_stairs_5
D:2:      first_bread, uniq_sigmund

Action                   |  1- 3 |  4- 6 || total
-------------------------+-------+-------++-------
Melee: Rapier            |   128 |   140 ||   268
  Use: Scroll            |     3 |       ||     3
       Potion            |     1 |       ||     1
  Eat: Chunk             |     9 |     4 ||    13
